| TOP OF THE 1ST |
|
Aberdeen Ironbirds batting - Pitching for Newark Black Sox : RHP Steve Kordish
|
|
Pitching: RHP Steve Kordish
|
|
|
Batting: RHB Johnnie Walker
|
0-0: SINGLE (Groundball, 6M, EV 98.8 MPH) (infield hit)
|
|
Batting: RHB Arturo Leija
|
0-0: Called Strike 0-1: Ball 1-1: Ball 2-1: Ball 3-1: Foul Ball, location: 2F 3-2: Fielders Choice at 2nd, 5-4 (Groundball, 5S, EV 83.1 MPH)
|
|
Batting: SHB Nelson Simmons
|
0-0: Called Strike 0-1: Ball 1-1: Foul Ball, location: 2F 1-2: Strikes out swinging
|
|
Batting: RHB Donald Hubbard
|
0-0: Called Strike 0-1: Fly out, F7 (Flyball, 7, EV 91.3 MPH)
|
| Top of the 1st over - 0 runs, 1 hit, 0 errors, 1 left on base; Aberdeen 0 - Newark 0 |
| BOTTOM OF THE 1ST |
|
Newark Black Sox batting - Pitching for Aberdeen Ironbirds : RHP Ruben Jimenez
|
|
Pitching: RHP Ruben Jimenez
|
|
|
Batting: RHB Rafael Belliard
|
0-0: Called Strike 0-1: Ground out 5-3 (Groundball, 5, EV 91.3 MPH)
|
|
Batting: RHB Ellis Burks
|
0-0: Ball 1-0: Called Strike 1-1: Ball 2-1: Foul Ball, location: 2F 2-2: Strikes out swinging
|
|
Batting: RHB Moises Acosta
|
0-0: Foul Ball, location: 2F 0-1: Ball 1-1: Swinging Strike 1-2: Ball 2-2: Ground out 5-3 (Groundball, 5S, EV 88.1 MPH)
|
| Bottom of the 1st over - 0 runs, 0 hits, 0 errors, 0 left on base; Aberdeen 0 - Newark 0 |
| TOP OF THE 2ND |
|
Aberdeen Ironbirds batting - Pitching for Newark Black Sox : RHP Steve Kordish
|
|
Batting: RHB Victor Trujillo
|
0-0: Ball 1-0: Foul Ball, location: 2F 1-1: Ball 2-1: Called Strike 2-2: Foul Ball, location: 2F 2-2: Ball 3-2: SINGLE (Line Drive, 34D, EV 97.5 MPH)
|
|
Batting: RHB Mark Bonner
|
0-0: Ball 1-0: Called Strike 1-1: Swinging Strike 1-2: Ball 2-2: Strikes out swinging
|
|
Batting: RHB Graham Conklin
|
0-0: Ball 1-0: Ball 2-0: Called Strike 2-1: Foul Ball, location: 2F 2-2: Strikes out swinging
|
|
Batting: RHB Dan Cataline
|
0-0: Ball 1-0: Called Strike 1-1: Ball 2-1: Foul Ball, location: 2F 2-2: Foul Ball, location: 2F 2-2: Ball 3-2: Base on Balls Victor Trujillo to second
|
|
Batting: RHB Ric Wilson
|
0-0: Ball 1-0: Called Strike 1-1: SINGLE (Line Drive, 56, EV 95.6 MPH) Victor Trujillo to third Dan Cataline to second
|
|
Batting: RHB Johnnie Walker
|
0-0: Called Strike 0-1: SINGLE (Line Drive, 8RS, EV 93.8 MPH) Victor Trujillo scores Dan Cataline to third Ric Wilson to second Runner from 3rd tries for Home, SAFE, throw by CF to home
|
|
Batting: RHB Arturo Leija
|
0-0: Fielders Choice at 2nd, 6-4 (Groundball, 6, EV 90.6 MPH)
|
| Top of the 2nd over - 2 runs, 3 hits, 0 errors, 2 left on base; Aberdeen 2 - Newark 0 |
| BOTTOM OF THE 2ND |
|
Newark Black Sox batting - Pitching for Aberdeen Ironbirds : RHP Ruben Jimenez
|
|
Batting: RHB Adrien Perkins
|
0-0: Ball 1-0: Called Strike 1-1: Ball 2-1: Foul Ball, location: 2F 2-2: Ball 3-2: SINGLE (Groundball, 6M, EV 106.9 MPH) (infield hit)
|
|
Batting: RHB Ignacio Velasquez
|
0-0: Swinging Strike 0-1: Foul Ball, location: 2F 0-2: Strikes out looking
|
|
Batting: RHB Jerry Bendorf
|
0-0: Ball 1-0: Ball 2-0: Ball 3-0: Base on Balls Adrien Perkins to second
|
|
Batting: LHB Casey Glenn
|
0-0: Ball Wild Pitch! Adrien Perkins to third Jerry Bendorf to second 1-0: Called Strike 1-1: Called Strike 1-2: Ball 2-2: Ball 3-2: 3-RUN HOME RUN (Flyball, 9D, EV 93.8 MPH), Distance : 366 ft
|
|
Batting: RHB Danny Griffin
|
0-0: Ball 1-0: Fly out, F4 (Popup, 23, EV 79.4 MPH)
|
|
Batting: RHB Orlando Gonzalez
|
0-0: Reached on error, E3 (Groundball, 34S, EV 85.0 MPH)
|
|
Batting: RHB Rafael Belliard
|
0-0: Ball 1-0: Called Strike 1-1: Ground out U3 (Groundball, 34S, EV 87.5 MPH)
|
| Bottom of the 2nd over - 3 runs, 2 hits, 1 error, 1 left on base; Aberdeen 2 - Newark 3 |
| TOP OF THE 3RD |
|
Aberdeen Ironbirds batting - Pitching for Newark Black Sox : RHP Steve Kordish
|
|
Batting: SHB Nelson Simmons
|
0-0: Called Strike 0-1: Foul Ball, location: 2F 0-2: Ball 1-2: Ball 2-2: Strikes out looking
|
|
Batting: RHB Donald Hubbard
|
0-0: Ball 1-0: Foul Ball, location: 2F 1-1: Swinging Strike 1-2: SINGLE (Flyball, 89S, EV 91.9 MPH)
|
|
Batting: RHB Victor Trujillo
|
0-0: Ball 1-0: Ball 2-0: Ground out U3 (Groundball, 13, EV 90.0 MPH) Donald Hubbard to second
|
|
Batting: RHB Mark Bonner
|
0-0: Ball 1-0: Called Strike 1-1: Ball 2-1: Called Strike 2-2: Ball 3-2: Foul Ball, location: 2F 3-2: Foul Ball, location: 2F 3-2: Foul Ball, location: 2F 3-2: Base on Balls
|
|
Batting: RHB Graham Conklin
|
0-0: Ball 1-0: DOUBLE (Line Drive, 7LM, EV 108.1 MPH) Donald Hubbard scores Mark Bonner to third Runner from 3rd tries for Home, SAFE, throw by LF to home
|
|
Batting: RHB Dan Cataline
|
0-0: Called Strike 0-1: Ball 1-1: Fly out, F7 (Flyball, 78M, EV 85.6 MPH)
|
| Top of the 3rd over - 2 runs, 2 hits, 0 errors, 1 left on base; Aberdeen 4 - Newark 3 |
| BOTTOM OF THE 3RD |
|
Newark Black Sox batting - Pitching for Aberdeen Ironbirds : RHP Ruben Jimenez
|
|
Batting: RHB Ellis Burks
|
0-0: Ball 1-0: Fly out, F7 (Flyball, 78M, EV 90.6 MPH)
|
|
Batting: RHB Moises Acosta
|
0-0: Fly out, F8 (Flyball, 8LXD, EV 84.4 MPH)
|
|
Batting: RHB Adrien Perkins
|
0-0: Ball 1-0: SINGLE (Line Drive, 8LS, EV 95.0 MPH)
|
|
Batting: RHB Ignacio Velasquez
|
0-0: Ball 1-0: Ball 2-0: Called Strike 2-1: Ball 3-1: Base on Balls Adrien Perkins to second
|
|
Batting: RHB Jerry Bendorf
|
0-0: Called Strike 0-1: Foul Ball, location: 2F 0-2: Ball 1-2: Ball 2-2: Ball 3-2: Foul Ball, location: 2F 3-2: Ground out 4-3 (Groundball, 4, EV 80.6 MPH)
|
| Bottom of the 3rd over - 0 runs, 1 hit, 0 errors, 2 left on base; Aberdeen 4 - Newark 3 |
| TOP OF THE 4TH |
|
Aberdeen Ironbirds batting - Pitching for Newark Black Sox : RHP Steve Kordish
|
|
Batting: RHB Ric Wilson
|
0-0: Ball 1-0: Ball 2-0: Swinging Strike 2-1: Ball 3-1: Base on Balls
|
|
Batting: RHB Johnnie Walker
|
0-0: Ball 1-0: 2-RUN HOME RUN (Flyball, 7D, EV 110.6 MPH), Distance : 378 ft
|
|
Pitching: RHP Benito Malave
|
|
|
Batting: RHB Arturo Leija
|
0-0: Ball 1-0: Ball 2-0: Reached on error, E8 (Flyball, 8RD, EV 96.9 MPH)
|
|
Batting: SHB Nelson Simmons
|
0-0: Reached on error, E6 (Groundball, 6M, EV 81.9 MPH) Arturo Leija to third
|
|
Batting: RHB Donald Hubbard
|
0-0: Called Strike 0-1: Called Strike 0-2: Ball 1-2: Ball 2-2: Ball 3-2: Fielders Choice at 2nd, 4-6 (Groundball, 4, EV 87.5 MPH) Arturo Leija scores
|
|
Batting: RHB Victor Trujillo
|
0-0: SINGLE (Flyball, 8LS, EV 88.8 MPH) Donald Hubbard to second Runner from 2nd tries for 3rd, SAFE, throw by CF made to third
|
|
Batting: RHB Mark Bonner
|
0-0: Foul Ball, location: 2F 0-1: Grounds into double play, 4-6-3 (Groundball, 4, EV 107.5 MPH)
|
| Top of the 4th over - 3 runs, 2 hits, 2 errors, 1 left on base; Aberdeen 7 - Newark 3 |
| BOTTOM OF THE 4TH |
|
Newark Black Sox batting - Pitching for Aberdeen Ironbirds : RHP Ruben Jimenez
|
|
Batting: LHB Casey Glenn
|
0-0: Ball 1-0: Fly out, F7 (Flyball, 7, EV 93.8 MPH)
|
|
Batting: RHB Danny Griffin
|
0-0: Ball 1-0: Ball 2-0: Ball 3-0: Called Strike 3-1: Foul Ball, location: 2F 3-2: Base on Balls
|
|
Batting: RHB Orlando Gonzalez
|
0-0: Fly out, F8 (Flyball, 8LS, EV 85.0 MPH)
|
|
Batting: RHB Rafael Belliard
|
0-0: Fly out, F6 (Popup, 6, EV 75.0 MPH)
|
| Bottom of the 4th over - 0 runs, 0 hits, 0 errors, 1 left on base; Aberdeen 7 - Newark 3 |
| TOP OF THE 5TH |
|
Aberdeen Ironbirds batting - Pitching for Newark Black Sox : RHP Benito Malave
|
|
Batting: RHB Graham Conklin
|
0-0: Ball 1-0: Ball 2-0: Called Strike 2-1: SOLO HOME RUN (Flyball, 7D, EV 98.1 MPH), Distance : 358 ft
|
|
Batting: RHB Dan Cataline
|
0-0: Ball 1-0: Ball 2-0: Called Strike 2-1: Called Strike 2-2: Strikes out swinging
|
|
Batting: RHB Ric Wilson
|
0-0: Fly out, F9 (Flyball, 9, EV 93.8 MPH)
|
|
Batting: RHB Johnnie Walker
|
0-0: Ball 1-0: Ball 2-0: SINGLE (Line Drive, 9S, EV 105.0 MPH)
|
|
Batting: RHB Arturo Leija
|
0-0: Ball Johnnie Walker is caught stealing 2nd base 2-4
|
| Top of the 5th over - 1 run, 2 hits, 0 errors, 0 left on base; Aberdeen 8 - Newark 3 |
| BOTTOM OF THE 5TH |
|
Newark Black Sox batting - Pitching for Aberdeen Ironbirds : RHP Ruben Jimenez
|
|
Batting: RHB Ellis Burks
|
0-0: Foul Ball, location: 2F 0-1: Ball 1-1: Called Strike 1-2: Strikes out swinging
|
|
Batting: RHB Moises Acosta
|
0-0: Ball 1-0: Ball 2-0: Ball 3-0: Base on Balls
|
|
Batting: RHB Adrien Perkins
|
0-0: Ball 1-0: Foul Ball, location: 2F 1-1: Ball 2-1: Grounds into double play, 6-4-3 (Groundball, 6M, EV 82.5 MPH)
|
| Bottom of the 5th over - 0 runs, 0 hits, 0 errors, 0 left on base; Aberdeen 8 - Newark 3 |
| TOP OF THE 6TH |
|
Aberdeen Ironbirds batting - Pitching for Newark Black Sox : RHP Benito Malave
|
|
Batting: RHB Arturo Leija
|
0-0: Ball 1-0: Called Strike 1-1: Ball 2-1: Ball 3-1: Called Strike 3-2: Foul Ball, location: 2F 3-2: Foul Ball, location: 2F 3-2: Base on Balls
|
|
Batting: SHB Nelson Simmons
|
0-0: Ball 1-0: Ball 2-0: Foul Ball, location: 2F 2-1: Foul Ball, location: 2F 2-2: Ball 3-2: Foul Ball, location: 2F 3-2: Foul Ball, location: 2F 3-2: Fly out, F9 (Flyball, 9LS, EV 86.9 MPH)
|
|
Batting: RHB Donald Hubbard
|
0-0: 2-RUN HOME RUN (Flyball, 7D, EV 93.1 MPH), Distance : 383 ft
|
|
Batting: RHB Victor Trujillo
|
0-0: Fly out, F9 (Flyball, 89XD, EV 78.1 MPH)
|
|
Batting: RHB Mark Bonner
|
0-0: Ground out U3 (Groundball, 34S, EV 81.9 MPH)
|
| Top of the 6th over - 2 runs, 1 hit, 0 errors, 0 left on base; Aberdeen 10 - Newark 3 |
| BOTTOM OF THE 6TH |
|
Newark Black Sox batting - Pitching for Aberdeen Ironbirds : RHP Ruben Jimenez
|
|
Batting: RHB Ignacio Velasquez
|
0-0: Called Strike 0-1: Swinging Strike 0-2: Ball 1-2: Ball 2-2: Strikes out looking
|
|
Batting: RHB Jerry Bendorf
|
0-0: Ball 1-0: Ball 2-0: Ball 3-0: Base on Balls
|
|
Batting: LHB Casey Glenn
|
0-0: Ball 1-0: Called Strike 1-1: Foul Ball, location: 2F 1-2: SINGLE (Groundball, 6MS, EV 79.4 MPH) (infield hit) Jerry Bendorf to second
|
|
Batting: RHB Danny Griffin
|
0-0: Called Strike 0-1: Ball 1-1: Ball 2-1: Called Strike 2-2: Fly out, F8 (Flyball, 78XD, EV 88.8 MPH) Runner from 2nd tags up, SAFE at 3rd, no throw by CF
|
|
Batting: RHB Orlando Gonzalez
|
0-0: Called Strike 0-1: Fielders Choice at 2nd, U4 (Groundball, 4M, EV 86.9 MPH)
|
| Bottom of the 6th over - 0 runs, 1 hit, 0 errors, 2 left on base; Aberdeen 10 - Newark 3 |
| TOP OF THE 7TH |
|
Aberdeen Ironbirds batting - Pitching for Newark Black Sox : RHP Benito Malave
|
|
Batting: RHB Graham Conklin
|
0-0: Ball 1-0: Ball 2-0: Fly out, F8 (Line Drive, 8RM, EV 105.6 MPH)
|
|
Batting: RHB Dan Cataline
|
0-0: Called Strike 0-1: Ball 1-1: Foul Ball, location: 2F 1-2: Ball 2-2: Strikes out swinging
|
|
Batting: RHB Ric Wilson
|
0-0: Called Strike 0-1: Ball 1-1: SINGLE (Line Drive, 9S, EV 84.4 MPH)
|
|
Batting: RHB Johnnie Walker
|
0-0: Swinging Strike 0-1: Swinging Strike 0-2: Ball 1-2: Ball 2-2: Foul Ball, location: 2F 2-2: Ball 3-2: Strikes out looking
|
| Top of the 7th over - 0 runs, 1 hit, 0 errors, 1 left on base; Aberdeen 10 - Newark 3 |
| BOTTOM OF THE 7TH |
|
Newark Black Sox batting - Pitching for Aberdeen Ironbirds : RHP Ruben Jimenez
|
|
Pinch Hitting: RHB Galen Cisco
|
0-0: Ball 1-0: Foul Ball, location: 2F 1-1: Foul Ball, location: 2F 1-2: Ground out 1-3 (Groundball, P, EV 68.8 MPH)
|
|
Pinch Hitting: RHB Kirk Downs
|
0-0: Ball 1-0: Ground out U3 (Groundball, 3, EV 78.8 MPH)
|
|
Batting: RHB Moises Acosta
|
0-0: Ball 1-0: Ball 2-0: Foul Ball, location: 2F 2-1: Fly out, F8 (Flyball, 8RD, EV 106.3 MPH)
|
| Bottom of the 7th over - 0 runs, 0 hits, 0 errors, 0 left on base; Aberdeen 10 - Newark 3 |
| TOP OF THE 8TH |
|
Aberdeen Ironbirds batting - Pitching for Newark Black Sox : RHP Benito Malave
|
|
Now at SS: Kirk Downs
|
|
|
Now in LF: Thomas Merkle
|
|
|
Batting: RHB Arturo Leija
|
0-0: SINGLE (Flyball, 7LS, EV 90.0 MPH)
|
|
Batting: SHB Nelson Simmons
|
0-0: Fielders Choice at 2nd, 1-4 (Groundball, 15S, EV 73.8 MPH)
|
|
Pinch Hitting: LHB Alan Cartwright
|
0-0: Foul Ball, location: 2F 0-1: Swinging Strike 0-2: Ball 1-2: Fly out, F7 (Flyball, 7S, EV 80.0 MPH)
|
|
Batting: RHB Victor Trujillo
|
0-0: Called Strike 0-1: Ground out U3 (Groundball, 3S, EV 72.5 MPH)
|
| Top of the 8th over - 0 runs, 1 hit, 0 errors, 1 left on base; Aberdeen 10 - Newark 3 |
| BOTTOM OF THE 8TH |
|
Newark Black Sox batting - Pitching for Aberdeen Ironbirds : RHP Ruben Jimenez
|
|
Now in CF: Jon Ramirez
|
|
|
Batting: RHB Adrien Perkins
|
0-0: Ball 1-0: Foul Ball, location: 2F 1-1: SINGLE (Groundball, 6MD, EV 97.5 MPH)
|
|
Batting: RHB Ignacio Velasquez
|
0-0: Foul Ball, location: 2F 0-1: Ball 1-1: Fly out, F7 (Flyball, 78D, EV 67.5 MPH)
|
|
Pinch Hitting: RHB Ronnie Giddens
|
0-0: Ball 1-0: Ball 2-0: Fly out, F9 (Flyball, 9, EV 88.1 MPH)
|
|
Batting: LHB Casey Glenn
|
0-0: Ball 1-0: Ball 2-0: Fly out, F7 (Flyball, 7S, EV 82.5 MPH)
|
| Bottom of the 8th over - 0 runs, 1 hit, 0 errors, 1 left on base; Aberdeen 10 - Newark 3 |
| TOP OF THE 9TH |
|
Aberdeen Ironbirds batting - Pitching for Newark Black Sox : RHP Benito Malave
|
|
Now at 2B: Ronnie Giddens
|
|
|
Batting: RHB Mark Bonner
|
0-0: Foul Ball, location: 2F 0-1: Foul Ball, location: 2F 0-2: Foul Ball, location: 2F 0-2: Foul Ball, location: 2F 0-2: Strikes out swinging
|
|
Batting: RHB Graham Conklin
|
0-0: Called Strike 0-1: Swinging Strike 0-2: Ball 1-2: Strikes out swinging
|
|
Pinch Hitting: RHB Dan Mann
|
0-0: Called Strike 0-1: Called Strike 0-2: Strikes out swinging
|
| Top of the 9th over - 0 runs, 0 hits, 0 errors, 0 left on base; Aberdeen 10 - Newark 3 |
| BOTTOM OF THE 9TH |
|
Newark Black Sox batting - Pitching for Aberdeen Ironbirds : RHP Ruben Jimenez
|
|
Pitching: RHP Jack Smith
|
|
|
Now in RF: Dan Mann
|
|
|
Batting: RHB Danny Griffin
|
0-0: Fly out, F7 (Flyball, 7, EV 96.9 MPH)
|
|
Batting: RHB Orlando Gonzalez
|
0-0: Ball 1-0: Called Strike 1-1: Fly out, F4 (Popup, 4MD, EV 46.9 MPH)
|
|
Batting: RHB Thomas Merkle
|
0-0: Ball 1-0: Ball 2-0: SOLO HOME RUN (Line Drive, 78XD, EV 100.6 MPH), Distance : 419 ft
|
|
Batting: RHB Kirk Downs
|
0-0: Foul Ball, location: 2F 0-1: Ball 1-1: Foul Ball, location: 2F 1-2: Ball 2-2: Fly out, F8 (Flyball, 8LD, EV 86.9 MPH)
|
| Bottom of the 9th over - 1 run, 1 hit, 0 errors, 0 left on base; Aberdeen 10 - Newark 4 |
|